cohdb
Replays
Latest Replays
All Replays
Popular Replays
Top Player Replays
Match Explorer
How It Works
Community
CoH3 Stats
Reddit
Sign in to upload your games and track your stats! →
Sign in with Steam
Match 42616870
Unlisted
Match 42616870
Overview
Messages
Build Orders
End
Kettenkrad Recon Vehicle
Construct Infanterie Kompanie
MG 42 Machine Gun Team
Selects Terror Battlegroup
Selects Machine Gun Camouflage
Grenadier Squad
Pioneer Squad
Grenadier Squad
Kettenkrad Recon Vehicle
Construct Luftwaffe Kompanie
Medical Bunker
Support Elements
Wirbelwind Flakpanzer
Jäger Squad
Marder III M Tank Destroyer
Wirbelwind Flakpanzer
Wirbelwind Flakpanzer
Luftwaffe Officer Quarters
Selects No Quarter
Kettenkrad Recon Vehicle
Selects No Quarter
Selects Defend the Fatherland
Jäger Squad
Jäger Squad
Selects King Tiger Heavy Tank
King Tiger Heavy Tank
Jäger Squad
Selects Contempt for the Weak
R.R.
NoLifeIsPower
Endless Pera
NotQuiteAKing
0
0
Comments
sign in to comment!
No comments posted yet!